 Dungeon Crawl Stone Soup version 0.29-a0-270-g1586fc07ea (webtiles) character file.

Game seed: 16382636619505734542

5740 Bearnado the Protected (level 10, 0/88 HPs)
             Began as a Minotaur Berserker on Mar 7, 2022.
             Was an Elder of Trog.
             Slain by a wight
             ... wielding a +0 battleaxe
              (13 damage)
             ... on level 8 of the Dungeon.
             The game lasted 00:28:28 (8265 turns).

Bearnado the Protected (Minotaur Berserker)         Turns: 8265, Time: 00:28:29

Health: 0/88       AC: 11    Str: 25    XL:     10   Next: 49%
Magic:  18/18      EV: 12    Int:  9    God:    Trog [****..]
Gold:   95         SH:  0    Dex: 13    Spells: 9/9 levels left

rFire   + . .      SeeInvis .   M - +5 great sword of Fitty {flame, MP+9 Int+5 Dex+2}
rCold   . . .      Faith    +   (shield currently unavailable)
rNeg    . . .      Spirit   .   m - +0 scale mail
rPois   .          Reflect  .   (helmet restricted)
rElec   .          Harm     .   h - +0 cloak
rCorr   .          Rampage  .   W - +0 pair of gloves
Will    .....                   (no boots)
Stlth   +.........              x - amulet of faith
HPRegen 0.24/turn               (no ring)
MPRegen 0.16/turn               (no ring)

@: on berserk cooldown, slowed, very slow
A: horns 2, retaliatory headbutt, fire resistance 1, wild magic 1, evolution 1
a: Renounce Religion, Berserk, Trog's Hand, Brothers in Arms


You were on level 8 of the Dungeon.
You worshipped Trog.
Trog was greatly pleased with you.
You visited 1 branch of the dungeon, and saw 8 of its levels.
You also visited: Ossuary.

You collected 382 gold pieces.
You spent 287 gold pieces at shops.

Inventory:

Hand Weapons
 g - a +0 hand crossbow
 p - a +2 dagger of electrocution
 q - a +0 quarterstaff
 u - a +2 mace of draining
 H - a +0 mace of venom
 J - a +0 halberd
 K - a +0 trident
 L - a +0 shortbow
 M - the +5 great sword of Fitty (weapon) {flame, MP+9 Int+5 Dex+2}
   (You bought it in a shop on level 1 of the Dungeon)

   It burns those it strikes, dealing additional fire damage.
   Big, fiery blades are also staple armaments of hydra-hunters.
   Int:       It affects your intelligence (+5).
   Dex:       It affects your dexterity (+2).
   MP:        It affects your magic capacity (+9).
Missiles
 y - 2 datura-tipped darts
 A - 11 poisoned darts
 B - a curare-tipped dart
 U - 3 boomerangs of dispersal
 V - a throwing net
Armour
 b - a +0 buckler
 f - a +0 robe
 h - a +0 cloak (worn)
 k - a +0 ring mail
 m - a +0 scale mail (worn)
 I - a +1 robe of positive energy
 P - +0 steam dragon scales
 W - a +0 pair of gloves (worn)
Jewellery
 x - an amulet of faith (around neck)
 F - an amulet of reflection
Wands
 t - a wand of polymorph (10)
 G - a wand of iceblast (4) (quivered)
Scrolls
 r - a scroll of amnesia {unknown}
 s - 3 scrolls of enchant weapon
 v - 3 scrolls of teleportation {unknown}
 w - a scroll of silence {unknown}
 C - a scroll of summoning {unknown}
 D - 2 scrolls of fog {unknown}
 N - 2 scrolls of enchant armour {unknown}
 Q - a scroll of immolation {unknown}
 R - 2 scrolls of noise {unknown}
 T - 2 scrolls of identify
 X - a scroll of vulnerability {unknown}
Potions
 a - a potion of cancellation {unknown}
 c - 7 potions of curing
 d - a potion of magic {unknown}
 e - a potion of degeneration {unknown}
 i - 4 potions of haste
 j - 5 potions of heal wounds
 l - 3 potions of ambrosia
 n - a potion of mutation
 o - 2 potions of brilliance {unknown}
 z - a potion of might {unknown}
 E - a potion of invisibility {unknown}
 O - a potion of resistance
 S - 2 potions of attraction {unknown}


   Skills:
 + Level 8.0 Fighting
 + Level 8.4 Long Blades
 + Level 9.3 Polearms
 + Level 5.0 Throwing
 + Level 9.6 Armour
 + Level 4.9 Dodging
 + Level 1.8 Stealth
 + Level 1.2 Evocations


You had 9 spell levels left.
You didn't know any spells.
Your spell library was empty.

Dungeon Overview and Level Annotations

Branches:
Dungeon (8/15)             Temple (0/1) D:6         Ossuary (visited)
   Lair: D:8-11

Altars:
Beogh

Shops:
D:1 [:*(*

Annotations:
D:7 2 transporters


Innate Abilities, Weirdness & Mutations

You have a pair of horns on your head.
You reflexively headbutt those who attack you in melee.
Your flesh is heat resistant. (rF+)
Your spells are a little harder to cast, but a little more powerful.
You have hidden genetic potential.


Message History

The steam dragon breathes steam at you. The ball of steam hits you. You resist.
A red film seems to cover your vision as you go berserk!
You feel yourself moving faster!
You feel mighty!
The orc throws a boomerang.
The boomerang hits you but does no damage.
The steam dragon breathes steam at you. The ball of steam hits you. You resist.
* * * LOW HITPOINT WARNING * * *
The kobold unwields a +0 hand crossbow.
The kobold wields a +0 whip.
The kobold barely misses you.
You barely miss the steam dragon. Your headbutt misses the steam dragon.
The steam dragon is heavily wounded.
The steam dragon bites you.
* * * LOW HITPOINT WARNING * * *
The steam dragon claws you but does no damage.
The kobold barely misses you.
You barely miss the steam dragon.
The steam dragon is heavily wounded.
The steam dragon bites you but does no damage.
The steam dragon claws you.
* * * LOW HITPOINT WARNING * * *
The kobold attacks as you move away! The kobold barely misses you.
The kobold unwields a +0 whip.
The kobold wields a +0 hand crossbow.
The kobold shoots a bolt.
The bolt hits you but does no damage.
You feel a strong urge to attack something.
You see here 5 gold pieces.
You feel your anger nearly subside.
You are no longer berserk.
You are exhausted.
You feel yourself slow down. The wight hits you but does no damage.
You closely miss the wight.
You headbutt the wight, but do no damage.
The wight closely misses you. The wight barely misses you.
You hit the wight but do no damage. The wight hits you with a +0 battleaxe.
* * * LOW HITPOINT WARNING * * *
The wight hits you with a +0 battleaxe.
* * * LOW HITPOINT WARNING * * *
Your two-headed ogre goes berserk!
The wight hits you with a +0 battleaxe!
You die...

#......###.....# #.....
#......##.##..#### ##....
###.........#.....# ##....
....)...........#.###.....
#.))..........##......
##ยง#.o.............#..
.....zo##KDK...........###.
......K ##z##........####..
...^... #@.#........###...
............##.........##..
.........#O.#...........#..
#.##.....#....#......##....
## ....# #..#.##.....#.....
..## ##.###............ .
.#..............
................
...>........


You could see a steam dragon, a wight (ally target), an orc, 2 kobolds and a
friendly two-headed ogre (summoned, berserk).

Vanquished Creatures
  Pikel (D:7)
  Psyche (D:8)
  Prince Ribbit (D:7)
  A wyvern (D:8)
  Sigmund (D:5)
  3 steam dragons
  5 yaks
  Edmund (D:6)
  Menkaure (D:5)
  2 water moccasins
  An ice beast (D:5)
  2 ogres
  3 sky beasts
  A centaur (D:5)
  A lemure (D:7)
  Blork the orc (D:5)
  A kobold brigand (D:8)
  A gnoll sergeant (D:7)
  2 bullfrogs
  A necrophage (D:4)
  A scorpion (D:7)
  3 water moccasin zombies (Ossuary)
  3 howler monkeys
  3 hounds
  A jelly (D:7)
  5 orc priests
  2 gnoll shamans
  6 iguanas
  6 orc wizards
  2 mummies (Ossuary)
  19 gnolls
  10 adders
  A shadow imp (D:6)
  2 white imps
  4 adder zombies (Ossuary)
  2 dart slugs
  37 orcs
  3 bats
  6 endoplasms
  4 giant cockroaches
  4 gnoll zombies (Ossuary)
  3 goblins
  5 hobgoblins
  2 jackals (D:3)
  10 kobolds
  4 quokkas
  8 ball pythons
  5 frilled lizards
  A goblin zombie (D:6)
  6 hobgoblin zombies (Ossuary)
  4 kobold zombies (Ossuary)
  2 orc zombies (Ossuary)
  A quokka zombie (D:6)
  3 rats
209 creatures vanquished.

Vanquished Creatures (collateral kills)
  The ghost of snaxamus the Chopper, a novice HOFi (D:6)
  2 wights (D:8)
  A goblin (D:4)
4 creatures vanquished.

Vanquished Creatures (others)
  An orc (D:4)
  17 plants (D:8)
18 creatures vanquished.

Grand Total: 231 creatures vanquished

Notes
Turn   | Place    | Note
-------+----------+-------------------------------------------
     0 | D:1      | Bearnado the Minotaur Berserker began the quest for the
                  | Orb.
     0 | D:1      | Reached XP level 1. HP: 19/19 MP: 0/0
     0 | D:1      | Found Qouvuc's Assorted Antiques.
    39 | D:1      | Found Ekutoh's Book Emporium.
    42 | D:1      | Found Suos's Armour Shoppe.
   165 | D:1      | Found Kaniaxt's Antique Weapon Boutique.
   355 | D:1      | Found Fok Deny's Assorted Antiques.
   599 | D:1      | Reached XP level 2. HP: 25/27 MP: 1/1
   762 | D:2      | Found a faded altar of an unknown god.
   830 | D:2      | Reached ** piety under Trog
  1160 | D:2      | Reached XP level 3. HP: 33/33 MP: 2/2
  1695 | D:3      | Reached XP level 4. HP: 41/41 MP: 3/3
  1705 | D:3      | Reached skill level 5 in Polearms
  2041 | D:3      | Reached XP level 5. HP: 47/47 MP: 4/4
  2626 | D:4      | Reached skill level 5 in Fighting
  2694 | D:4      | Reached XP level 6. HP: 56/56 MP: 5/5
  2769 | D:4      | Reached *** piety under Trog
  2954 | D:4      | Reached skill level 1 in Throwing
  3066 | D:5      | Entered Level 5 of the Dungeon
  3070 | D:5      | Noticed an ice beast
  3079 | D:5      | Killed an ice beast
  3080 | D:5      | Reached XP level 7. HP: 61/61 MP: 6/6
  3146 | D:5      | Reached skill level 5 in Armour
  3211 | D:5      | Noticed a yak
  3211 | D:5      | Noticed Sigmund
  3211 | D:5      | Noticed a yak
  3211 | D:5      | Noticed a yak
  3212 | D:5      | Noticed a yak
  3457 | D:5      | Killed a yak
  3457 | D:5      | Noticed a yak
  3461 | D:5      | Killed a yak
  3462 | D:5      | Reached XP level 8. HP: 70/70 MP: 7/7
  3465 | D:5      | Reached skill level 1 in Stealth
  3536 | D:5      | Killed Sigmund
  3803 | D:5      | Noticed Menkaure
  3815 | D:5      | Killed Menkaure
  3981 | D:5      | Noticed Blork the orc
  3986 | D:5      | Killed Blork the orc
  3987 | D:5      | Reached XP level 9. HP: 77/77 MP: 8/8
  4824 | D:1      | Bought a slimy great sword for 287 gold pieces
  4824 | D:1      | Identified the +5 great sword of Fitty {flame, MP+9 Int+5
                  | Dex+2} (You bought it in a shop on level 1 of the Dungeon)
  5048 | D:6      | Noticed Edmund
  5054 | D:6      | Killed Edmund
  5245 | D:6      | Reached skill level 1 in Long Blades
  5442 | D:6      | Found a sand-covered staircase.
  5494 | Ossuary  | Entered an ossuary
  5515 | Ossuary  | Reached **** piety under Trog
  5686 | Ossuary  | Gained mutation: You do not regenerate when monsters are
                  | visible. [potion of mutation]
  5686 | Ossuary  | Gained mutation: You have an increased reservoir of magic.
                  | (+10% MP) [potion of mutation]
  5687 | Ossuary  | Lost mutation: You have an increased reservoir of magic.
                  | (+10% MP) [potion of mutation]
  5687 | Ossuary  | Lost mutation: You do not regenerate when monsters are
                  | visible. [potion of mutation]
  5687 | Ossuary  | Gained mutation: You have hidden genetic potential. [potion
                  | of mutation]
  5687 | Ossuary  | Gained mutation: Your flesh is heat resistant. (rF+)
                  | [potion of mutation]
  5879 | D:6      | Found a staircase to the Ecumenical Temple.
  5952 | D:6      | Found a runed translucent door.
  5955 | D:6      | Noticed snaxamus's ghost (novice HOFi)
  6227 | D:6      | Killed snaxamus's ghost
  6228 | D:6      | Reached skill level 5 in Long Blades
  6873 | D:7      | Noticed Pikel
  6896 | D:7      | Killed Pikel
  6897 | D:7      | Reached XP level 10. HP: 59/88 MP: 9/9
  7192 | D:7      | Reached skill level 5 in Throwing
  7356 | D:7      | Noticed Prince Ribbit
  7366 | D:7      | Killed Prince Ribbit
  7585 | D:7      | Found a transporter.
  7588 | D:7      | Found a transporter.
  7589 | D:7      | Noticed an ogre mage
  8075 | D:8      | Gained mutation: Your spells are a little harder to cast,
                  | but a little more powerful. [hidden potential]
  8152 | D:8      | Noticed Psyche
  8166 | D:8      | Killed Psyche
  8222 | D:8      | Reached skill level 1 in Evocations
  8265 | D:8      | Slain by a wight

Illustrated notes

Levels and vault maps discovered:
D:1:      dpeg_arrival_tiny_b, layout_rooms, serial_shops, shop,
          nicolae_shop_temple_entry_statues_fountains, shop,
          nicolae_shop_overgrown_old_shop, shop_fountains, serial_bayou_pond_d,
          minmay_unequal
D:2:      layout_loops_ring, shapermc_ecumenical_altar_mp_highgroup
D:3:      layout_basic
D:4:      layout_cave_pools
D:5:      layout_loops_corners, grunt_ministairs_12,
          chequers_serial_rivers_large_a, hangedman_decor_points, uniq_menkaure,
          uniq_sigmund, uniq_blork_the_orc
D:6:      layout_loops_ring, minmay_temple_entry_antechambers, enter_ossuary_4,
          hellmonk_ghost_happy_afterlife, uniq_edmund
D:7:      gammafunk_beogh_shrine, layout_cave_pods, uniq_pikel,
          uniq_prince_ribbit1
D:8:      layout_cave_pools, david_lair_shrubbed, uniq_psyche, uniq_amaemon

Skill      XL: |  1  2  3  4  5  6  7  8  9 10 |
---------------+-------------------------------+-----
Polearms       | 4 5 6 7 8 9 |  9.3
Fighting       | 4 5 6 7 8 |  8.0
Armour         | 3 4 6 7 8 9 |  9.6
Throwing       | 1 3 4 5 |  5.0
Dodging        | 3 4 |  4.9
Stealth        | 1 |  1.8
Long Blades    | 7 8 |  8.4
Evocations     | 1 |  1.2

Action                   |  1- 3 |  4- 6 |  7- 9 | 10-12 || total
-------------------------+-------+-------+-------+-------++-------
Melee: Spear             |    90 |   103 |   124 |       ||   317
       Headbutt          |    12 |    13 |    42 |    10 ||    77
       Punch             |     1 |       |     1 |       ||     2
       Great sword       |       |       |   140 |    82 ||   222
       Halberd           |       |       |     6 |       ||     6
Throw: Dart              |       |    21 |    10 |       ||    31
       Throwing net      |       |     2 |       |       ||     2
Invok: Berserk           |     1 |     3 |    11 |     2 ||    17
       Trog's Hand       |       |       |     2 |     2 ||     4
       Brothers in Arms  |       |       |     1 |     2 ||     3
Evoke: Wand              |       |       |     1 |     1 ||     2
  Use: Scroll            |       |       |     5 |       ||     5
       Potion            |       |       |     2 |       ||     2
Armor: Ring mail         |    15 |    23 |    42 |       ||    80
       Robe              |     1 |       |       |       ||     1
       Scale mail        |       |       |     5 |    46 ||    51
Dodge: Dodged            |    34 |    34 |   143 |    65 ||   276

Table legend: (Time is in decaauts)
 A = Elapsed time spent in this place.
 B = Non-inter-level travel time spent in this place.
 C = Inter-level travel time spent in this place.
 D = Time resting spent in this place.
 E = Time spent auto-exploring this place.
 F = Levels seen in this place.
 G = Mean time per level.
                   A        B        C        D        E       F      G
               +--------+--------+--------+--------+--------+-----+--------+
         Total |   8464 |   7956 |    508 |    863 |   5339 |   9 |  940.4 |
       Dungeon |   8233 |   7725 |    508 |    863 |   5214 |   8 | 1029.1 |
       Ossuary |    231 |    231 |      0 |      0 |    125 |   1 |  231.0 |
               +--------+--------+--------+--------+--------+-----+--------+

Top non-repeatable levels by time:
     D:5: 1529 daAuts
     D:6: 1485 daAuts
     D:7: 1448 daAuts
     D:3: 1231 daAuts
     D:2: 835 daAuts
     D:1: 771 daAuts
     D:4: 709 daAuts
 Ossuary: 231 daAuts
     D:8: 220 daAuts
